 Dungeon Crawl Stone Soup version 0.24.0-29-g8ce449bc06 (webtiles) character file.

Game seed: 5807368260288627844, levelgen mode: deterministic

69 Flugslaktarn the Covered (level 4, -5/40 HPs)
             Began as a Minotaur Fighter on Nov 14, 2019.
             Slain by Natasha (6 damage)
             ... on level 3 of the Dungeon.
             The game lasted 00:00:25 (701 turns).

Flugslaktarn the Covered (Minotaur Fighter)          Turns: 701, Time: 00:00:25

Health: -5/40      AC:  7    Str: 21    XL:     4   Next: 2%
Magic:  3/3        EV:  7    Int:  5    God:
Gold:   64         SH:  9    Dex: 10    Spells: 3/3 levels left

rFire    . . .     SeeInvis .   a - +0 war axe
rCold    . . .     Gourm    .   c - +0 shield
rNeg     . . .     Faith    .   b - +0 scale mail
rPois    .         Spirit   .   (helmet restricted)
rElec    .         Reflect  .   (no cloak)
rCorr    .         Harm     .   (no gloves)
MR       .....                  (no boots)
Stlth    ..........             (no amulet)
HPRegen  0.13/turn              (no ring)
MPRegen  0.08/turn              (no ring)

@: no status effects
A: retaliatory headbutt, horns 2
a: no special abilities


You were on level 3 of the Dungeon.
You were not hungry.

You visited 1 branch of the dungeon, and saw 3 of its levels.

You collected 64 gold pieces.

Inventory:

Hand Weapons
 a - a +0 war axe (weapon)
Armour
 b - a +0 scale mail (worn)
 c - a +0 shield (worn)
Jewellery
 k - an uncursed amulet of guardian spirit {unknown}
   (You found it on level 2 of the Dungeon)
 n - an uncursed amulet of rage {unknown}
   (You found it on level 1 of the Dungeon)
Scrolls
 g - a scroll of enchant armour {unknown}
 h - 2 scrolls of enchant weapon {unknown}
 j - a scroll of noise {unknown}
 m - a scroll of teleportation {unknown}
 q - a scroll of identify {unknown}
 r - a scroll of remove curse {unknown}
Potions
 d - 2 potions of might
 f - 2 potions of invisibility {unknown}
 i - a potion of curing {unknown}
 l - a potion of haste {unknown}
 o - a potion of brilliance {unknown}
 s - a potion of lignification {unknown}
Comestibles
 e - a ration
 p - 3 chunks of flesh


   Skills:
 + Level 4.1 Fighting
 * Level 3.8 Axes
 + Level 4.2 Armour
 + Level 4.1 Shields


You had 3 spell levels left.
You didn't know any spells.
Your spell library was empty.

Dungeon Overview and Level Annotations

Branches:
Dungeon (3/15)

Altars:

Annotations:
D:3 Natasha


Innate Abilities, Weirdness & Mutations

You reflexively headbutt those who attack you in melee.
You have a pair of horns on your head.


Message History

You barely miss Natasha. You block Natasha's attack. x2
You miss Natasha. Your headbutt misses Natasha. You miss the crimson imp.
The crimson imp hits you but does no damage.
Natasha casts a spell at you. The magic dart hits you.
* * * LOW HITPOINT WARNING * * *
You miss Natasha. You closely miss the crimson imp.
You block the crimson imp's attack. Natasha claws you.
* * * LOW HITPOINT WARNING * * *
The crimson imp hits you but does no damage.
You barely miss Natasha. You closely miss the crimson imp.
Natasha wildly gestures.
Natasha shimmers violently.
Natasha claws you.
* * * LOW HITPOINT WARNING * * *
The crimson imp blinks!
Natasha closely misses you.
Unknown command.
Your shield and scale mail prevent you from hitting Natasha.
Your headbutt misses Natasha. Natasha claws you.
You die...

#............####.##
######.###.#......#
#.# #.######.# #.#
#........#
#.###..#####.#
#............#
...###..#####.# .###
#..# #.@# #§h# ....#
####.# #.# #.# #.#
#.#


You could see Natasha.

Vanquished Creatures
  A jelly (D:3)
  Jessica (D:2)
  2 goblins (D:1)
  3 hobgoblins
  3 jackals (D:3)
  A bat (D:3)
  A kobold (D:2)
  A rat (D:1)
13 creatures vanquished.

Notes
Turn   | Place    | Note
-------+----------+-------------------------------------------
     0 | D:1      | Flugslaktarn the Minotaur Fighter began the quest for the
                  | Orb.
     0 | D:1      | Reached XP level 1. HP: 19/19 MP: 0/0
   560 | D:2      | Reached XP level 2. HP: 27/27 MP: 1/1
   633 | D:2      | Noticed Jessica
   636 | D:2      | Killed Jessica
   636 | D:2      | Reached XP level 3. HP: 33/33 MP: 2/2
   676 | D:3      | Reached XP level 4. HP: 40/40 MP: 3/3
   689 | D:3      | Noticed Natasha
   700 | D:3      | HP: 1/40 [Natasha (6)]
   701 | D:3      | Slain by Natasha

Levels and vault maps discovered:
D:1:      minmay_arrival_widening_spiral_wide, layout_basic
D:2:      layout_loops_corners, uniq_jessica
D:3:      layout_loops_ring, amethyst_overflow_temple_binary, uniq_natasha,
          uniq_purgy, uniq_grinder

Skill      XL: |  1  2 |
---------------+-------+-----
Fighting       | 4 |  4.1
Axes           | 3 |  3.8
Armour         | 4 |  4.2
Shields        | 4 |  4.1

Action                   |  1- 3 |  4- 6 || total
-------------------------+-------+-------++-------
Melee: War axe           |    25 |     9 ||    34
       Headbutt          |     5 |       ||     5
Armor: Scale mail        |     8 |     2 ||    10
Dodge: Dodged            |    11 |     1 ||    12
Block: Shield            |    13 |     4 ||    17
